 Dungeon Crawl Stone Soup version 0.29-a0-334-gb41bcbb86e (webtiles) character file.

Game seed: 4421199665746992730

2 rabbitsville the Digger (level 1, -1/10 HPs)
             Began as a Deep Elf Earth Elementalist on Apr 13, 2022.
             Frozen to death by an endoplasm (5 damage)
             ... on level 1 of the Dungeon.
             The game lasted 00:01:07 (186 turns).

rabbitsville the Digger (DEEE)                       Turns: 186, Time: 00:01:08

Health: -1/10      AC:  3    Str:  5    XL:     1   Next: 33%
Magic:  6/6        EV: 12    Int: 19    God:
Gold:   9          SH:  0    Dex: 15    Spells: 5/6 levels left

rFire   . . .      SeeInvis .   d - +0 dagger
rCold   . . .      Faith    .   (no shield)
rNeg    . . .      Spirit   .   b - +0 robe
rPois   .          Reflect  .   (no helmet)
rElec   .          Harm     .   (no cloak)
rCorr   .          Rampage  .   e - +0 pair of gloves
Will    .....                   (no boots)
Stlth   ++........              (no amulet)
HPRegen 0.03/turn               (no ring)
MPRegen 0.10/turn               (no ring)

@: no status effects
A: no striking features
a: no special abilities


You were on level 1 of the Dungeon.
You visited 1 branch of the dungeon, and saw 1 of its levels.

You collected 9 gold pieces.

Inventory:

Hand Weapons
 d - a +0 dagger (weapon)
Missiles
 a - 28 stones
Armour
 b - a +0 robe (worn)
 e - a +0 pair of gloves (worn)
Potions
 c - a potion of magic
 f - a potion of curing {unknown}


   Skills:
 - Level 2.4 Dodging
 - Level 2.4 Stealth
 + Level 3.1 Spellcasting
 - Level 1.1 Transmutations
 + Level 3.4 Earth Magic


You had 5 spell levels left.
You knew the following spells:

 Your Spells              Type           Power      Damage    Failure   Level
a - Sandblast             Erth           30%        2d9       3%          1

Your spell library contained the following spells:

 Spells                   Type           Power      Damage    Failure   Level
 Passwall                 Tmut/Erth      9%         N/A       9%          2
 Apportation              Tloc           6%         N/A       16%         1
 Stone Arrow              Conj/Erth      18%        3d8       22%         3
 Petrify                  Tmut/Erth      11%        N/A       52%         4
 Alistair's Intoxication  Tmut/Pois      3%         N/A       97%         5


Dungeon Overview and Level Annotations

Branches:
Dungeon (1/15)

Altars:

Shops:
D:1 [


Message History

d - a +0 dagger (weapon)
There is a staircase leading out of the dungeon here.
You open the door.
There is an open door here.
Found a pair of gloves.
You see here a +0 pair of gloves.
You start putting on your armour.
You continue putting on your +0 pair of gloves. x4
You finish putting on your +0 pair of gloves.
You open the door.
A giant cockroach comes into view.
Found a cyan potion and 9 gold pieces.
The blast of sand hits the giant cockroach!
You kill the giant cockroach!
There is an open door here.
f - a cyan potion You now have 9 gold pieces.
As you open the door, it creaks loudly!
There is an open door here.
Found a stone staircase leading down.
There is a stone staircase leading down here.
You pick up a book of Party Tricks and begin reading...
You add the spells Apportation and Alistair's Intoxication to your library.
An endoplasm comes into view.
The endoplasm quivers.
The endoplasm barely misses you.
You hit the endoplasm.
The endoplasm is moderately wounded.
The endoplasm freezes you.
You are frozen.
You hit the endoplasm.
The endoplasm is severely wounded.
The endoplasm freezes you.
You are frozen.
You hit the endoplasm.
The endoplasm is almost dead.
The endoplasm freezes you.
You are frozen.
Ouch! That really hurt!
You die...

#'##### #.......#
...## #.......#
....## ##.......#
.....##
##........#
......#
##.........#
......+
...........#
......#
#.........#
.....## #.. #J#
....## #..###@#
...## # #....#
#'## #.##.#.# #.#
#......#
#.############.###
#.##.....># #.#
.....####.####.#
.....##........#
.....##.#.######


You could see an endoplasm.

Vanquished Creatures
  A giant cockroach (D:1)
  A goblin (D:1)
2 creatures vanquished.

Notes
Turn   | Place    | Note
-------+----------+-------------------------------------------
     0 | D:1      | rabbitsville the Deep Elf Earth Elementalist began the
                  | quest for the Orb.
     0 | D:1      | Reached XP level 1. HP: 10/10 MP: 6/6
    55 | D:1      | Found Ralentod's Antique Armour Shoppe.
   186 | D:1      | Frozen to death by an endoplasm

Illustrated notes

Levels and vault maps discovered:
D:1:      shiori_shiawase, layout_loops_corners, ebering_ecumenical_altar_webs,
          serial_shops, nicolae_shop_trees,
          nicolae_concentric_dashed_squares_mild

Action                   || total
-------------------------++-------
Melee: Dagger            ||     3
 Cast: Sandblast         ||     2
Dodge: Dodged            ||     1

Table legend: (Time is in decaauts)
 A = Elapsed time spent in this place.
 B = Non-inter-level travel time spent in this place.
 C = Inter-level travel time spent in this place.
 D = Time resting spent in this place.
 E = Time spent auto-exploring this place.
 F = Levels seen in this place.
 G = Mean time per level.
                   A        B        C        D        E       F      G
               +--------+--------+--------+--------+--------+-----+--------+
         Total |    185 |    185 |      0 |      0 |     34 |   1 |  185.0 |
       Dungeon |    185 |    185 |      0 |      0 |     34 |   1 |  185.0 |
               +--------+--------+--------+--------+--------+-----+--------+

Top non-repeatable levels by time:
     D:1: 185 daAuts
